 Dungeon Crawl Stone Soup version 0.21.0-3-g78d12a8 (webtiles) character file.

863 Mgcat the Thaumaturge (level 7, -4/37 HPs)
             Began as a Deep Elf Wanderer on Jan 13, 2018.
             Was a Follower of Sif Muna.
             Shot with an arrow by a centaur (11 damage)
             ... on level 6 of the Dungeon.
             The game lasted 00:21:56 (5658 turns).

Mgcat the Thaumaturge (Deep Elf Wanderer)           Turns: 5658, Time: 00:21:57

Health: -4/37      AC:  7    Str:  9    XL:     7   Next: 72%
Magic:  17/22      EV: 12    Int: 19    God:    Sif Muna [*.....]
Gold:   233        SH:  0    Dex: 22    Spells: 21/25 levels left

rFire    . . .     SeeInvis +   e - +10 quarterstaff "Ruf Edew" {speed, *Rage MR+ SInv}
rCold    . . .     Gourm    .   (shield currently unavailable)
rNeg     . . .     Faith    .   d - +0 robe
rPois    .         Spirit   .   q - +2 hat
rElec    .         Reflect  .   s - +2 cloak
rCorr    .         Harm     .   (no gloves)
MR       +....     Rnd*Rage +   (no boots)
Stlth    ++........             (no amulet)
HPRegen  0.12/turn              o - +6 ring of dexterity
MPRegen  0.18/turn              t - +2 ring of dexterity

@: about to teleport, very slightly contaminated
A: no striking features
a: Divine Energy, Renounce Religion


You were on level 6 of the Dungeon.
You worshipped Sif Muna.
Sif Muna was aware of your devotion.
You were not hungry.

You visited 1 branch of the dungeon, and saw 6 of its levels.

You collected 233 gold pieces.

Inventory:

Hand Weapons
 a - a +2 dagger
 e - the +10 quarterstaff "Ruf Edew" (weapon) {speed, *Rage MR+ SInv}
   (You found it on level 4 of the Dungeon)

   Attacks with this weapon are significantly faster.
   It affects your resistance to hostile enchantments.
   It lets you see invisible.
   It may make you go berserk in combat.
 w - a +0 shortbow
Missiles
 g - 5 needles of sleeping
 x - 30 arrows
Armour
 d - a +0 robe (worn)
 q - a +2 hat (worn)
 s - a +2 cloak (worn)
Jewellery
 k - an uncursed amulet of faith
 o - a +6 ring of dexterity (left hand)
 t - a +2 ring of dexterity (right hand)
Scrolls
 i - 2 scrolls of identify
 j - 2 scrolls of enchant armour
 l - a scroll of teleportation
 r - 2 scrolls of fear
 y - a scroll of blinking {unknown}
 A - a scroll of remove curse
Potions
 b - 2 potions of haste
 h - a potion of cancellation
 n - a potion of degeneration {unknown}
 u - a potion of curing {unknown}
 v - a potion of magic {unknown}
 z - a potion of heal wounds {unknown}
Books
 c - Vustraigy's Collected Works on Conjuration

   Spells                             Type                      Level
   a - Flame Tongue                   Conjuration/Fire             1
   b - Static Discharge               Conjuration/Air              3
 m - a book of Cantrips

   Spells                             Type                      Level
   a - Confusing Touch                Hexes                        1
   b - Animate Skeleton               Necromancy                   1
   c - Summon Small Mammal            Summoning                    1
   d - Apportation                    Translocation                1
Comestibles
 f - 14 rations


   Skills:
 + Level 0.3 Fighting
 + Level 0.7 Dodging
 - Level 1.2 Stealth
 + Level 9.7 Spellcasting
 + Level 5.2 Conjurations
   Level 2.1 Summonings
   Level 1.2 Necromancy
 + Level 5.2 Fire Magic
 + Level 0.6 Invocations
   Level 1.1 Evocations


You had 21 spell levels left.
You knew the following spells:

 Your Spells              Type           Power        Failure   Level  Hunger
a - Flame Tongue          Conj/Fire      ####.        1%          1    None
b - Static Discharge      Conj/Air       ###.....     8%          3    None


Dungeon Overview and Level Annotations

Branches:
Dungeon (6/15)             Temple (0/1) D:4

Altars:
Qazlal
Sif Muna

Annotations:
D:1 1 runed door


Message History

The flame tongue hits the bullfrog.
You kill the bullfrog!
Sif Muna accepts your kill.
The centaur shoots an arrow.
The arrow hits you!
An orc comes into view.
As you read the scroll of teleportation, it crumbles to dust.
You feel strangely unstable.
The centaur shoots an arrow.
The arrow hits you!
* * * LOW HITPOINT WARNING * * *
The orc moves out of view.
Casting: Flame Tongue
Confirm with . or Enter, or press ? or * to list all spells.
Aiming: Flame Tongue
Press: ? - help, Shift-Dir - straight line, f - orc
Aim: an orc, wielding a short sword The flame tongue hits the orc.
You kill the orc!
Sif Muna accepts your kill.
The centaur shoots an arrow.
The arrow closely misses you.
The centaur shoots an arrow.
The arrow hits you!
You die...

### #### Z.
.....###### c.
#......# .
####<### #.
#..# ####.#
#.## #...c.##
##.#
#...########..#
#.....@.##...##
####.(#(##.###
##......#
###..o.# #....#
....#...
..##.o#.## #.##
##....# #
..#..#


You could see a centaur, an orc priest and an orc (wandering).

Vanquished Creatures
  2 sky beasts
  A centaur (D:5)
  A bullfrog (D:6)
  2 crimson imps (D:5)
  2 orc priests
  A jelly (D:6)
  An orc wizard (D:5)
  7 worker ants
  7 gnolls
  2 adders (D:4)
  An ooze (D:4)
  A worm (D:2)
  A dart slug (D:3)
  5 leopard geckos
  15 orcs
  2 ball pythons (D:3)
  2 giant cockroaches (D:1)
  10 goblins
  7 hobgoblins
  3 jackals (D:1)
  2 quokkas (D:3)
  5 bats
  3 frilled lizards
  A goblin zombie (D:4)
  6 kobolds
  A leopard gecko skeleton (D:3)
  6 rats
  A rat zombie (D:4)
98 creatures vanquished.

Notes
Turn   | Place    | Note
-------+----------+-------------------------------------------
     0 | D:1      | Mgcat the Deep Elf Wanderer began the quest for the Orb.
     0 | D:1      | Mgcat set off with: a +2 dagger, a potion of haste, Vustraigy's Collected Works on Conjuration, a +0 robe, a ration
     0 | D:1      | Reached XP level 1. HP: 10/10 MP: 10/10
     0 | D:1      | Identified Vustraigy's Collected Works on Conjuration
     2 | D:1      | Learned a level 1 spell: Flame Tongue
     3 | D:1      | Found a runed door.
   338 | D:1      | Reached skill level 1 in Fire Magic
   338 | D:1      | Reached XP level 2. HP: 15/15 MP: 9/12
   340 | D:1      | Reached skill level 1 in Conjurations
  1070 | D:2      | Reached XP level 3. HP: 19/19 MP: 12/14
  1075 | D:2      | Learned a level 3 spell: Static Discharge
  1196 | D:2      | Reached XP level 4. HP: 24/24 MP: 11/15
  1333 | D:2      | Found a deep blue altar of Sif Muna.
  1380 | D:2      | Became a worshipper of Sif Muna the Loreminder
  2428 | D:3      | Noticed a sky beast
  2442 | D:3      | Killed a sky beast
  2442 | D:3      | Reached skill level 8 in Spellcasting
  2442 | D:3      | Reached XP level 5. HP: 28/28 MP: 6/17
  2986 | D:4      | Got a crystal quarterstaff
  2987 | D:4      | Identified the +10 quarterstaff "Ruf Edew" {speed, *Rage MR+ SInv} (You found it on level 4 of the Dungeon)
  3010 | D:4      | Found a stormy altar of Qazlal.
  3032 | D:4      | Found a staircase to the Ecumenical Temple.
  3175 | D:4      | Reached XP level 6. HP: 23/32 MP: 12/19
  3918 | D:4      | Reached * piety under Sif Muna
  3920 | D:4      | Reached skill level 9 in Spellcasting
  4182 | D:5      | Entered Level 5 of the Dungeon
  4453 | D:5      | Reached XP level 7. HP: 22/36 MP: 16/21
  5017 | D:5      | Reached skill level 5 in Conjurations
  5017 | D:5      | Reached skill level 5 in Fire Magic
  5658 | D:6      | Shot with an arrow by a centaur

Skill      XL: |  1  2  3  4  5  6  7 |
---------------+----------------------+-----
Fire Magic     | 1 2 3 4 5 |  5.2
Conjurations   | 1 2 3 4 5 |  5.2
Spellcasting   | 8 9 |  9.7
Fighting       | |  0.3
Dodging        | |  0.7
Stealth        | |  1.2
Summonings     | |  2.1
Necromancy     | |  1.2
Invocations    | |  0.6
Evocations     | |  1.1

Action                   |  1- 3 |  4- 6 |  7- 9 || total
-------------------------+-------+-------+-------++-------
Melee: Quarterstaff      |       |    13 |    19 ||    32
 Cast: Flame Tongue      |    49 |   132 |    28 ||   209
       Static Discharge  |       |     3 |     4 ||     7
  Use: Scroll            |       |     7 |     1 ||     8
  Eat: Chunk             |     1 |     9 |     2 ||    12
       Ration            |       |       |     1 ||     1
Armor: Robe              |     3 |    25 |     6 ||    34
Dodge: Dodged            |     4 |    47 |    14 ||    65
